 Dungeon Crawl Stone Soup version 0.30-a0-373-gd37427bb62 (webtiles) character file.

Game seed: 18432809750721009554

1265 karrick the Cudgeller (level 8, -14/49 HPs)
             Began as a Gargoyle Fighter on Nov 25, 2022.
             Demolished by an ogre
             ... wielding a +0 giant spiked club
              (16 damage)
             ... on level 7 of the Dungeon.
             The game lasted 00:07:58 (6170 turns).

karrick the Cudgeller (Gargoyle Fighter)            Turns: 6170, Time: 00:07:58

Health: -14/49     AC: 16    Str: 20    XL:     8   Next: 52%
Magic:  8/8        EV:  9    Int:  9    God:
Gold:   361        SH:  5    Dex: 11    Spells: 7/7 levels left

rFire   . . .      SeeInvis .    a - +0 flail
rCold   . . .      Faith    .    c - +0 buckler
rNeg    + . .      Spirit   .    b - +0 scale mail
rPois   ∞          Reflect  .    w - +2 hat
rElec   +          Harm     .    (no cloak)
rCorr   .          Rampage  .    l - +0 pair of gloves
Will    .....                    (no boots)
Stlth   ..........               (no amulet)
HPRegen 0.28/turn                (no ring)
MPRegen 0.11/turn                (no ring)

@: no status effects
A: sickness immunity, AC +5, negative energy resistance 1, electricity
resistance, torment resistance 1, petrification resistance
a: no special abilities


You were on level 7 of the Dungeon.
You visited 1 branch of the dungeon, and saw 7 of its levels.

You collected 361 gold pieces.

Inventory:

Hand Weapons
 a - a +0 flail (weapon)
 x - a +2 hand axe of flaming
Armour
 b - a +0 scale mail (worn)
 c - a +0 buckler (worn)
 l - a +0 pair of gloves (worn)
 w - a +2 hat (worn)
Jewellery
 o - a ring of flight
 p - a ring of ice
Wands
 d - a wand of roots (12)
 A - a wand of flame (20)
Scrolls
 e - 2 scrolls of fear {unknown}
 h - 3 scrolls of poison {unknown}
 i - 8 scrolls of identify {unknown}
 j - 4 scrolls of teleportation {unknown}
 m - a scroll of immolation {unknown}
 r - a scroll of magic mapping {unknown}
 t - a scroll of brand weapon {unknown}
 u - a scroll of enchant weapon {unknown}
 v - 4 scrolls of amnesia {unknown}
 y - 2 scrolls of noise {unknown}
 C - a scroll of blinking {unknown}
Potions
 f - 3 potions of heal wounds {unknown}
 g - 2 potions of berserk rage {unknown}
 k - 3 potions of curing
 n - 3 potions of degeneration {unknown}
 q - a potion of brilliance {unknown}
 s - 2 potions of mutation {unknown}
 z - a potion of resistance {unknown}
 B - 2 potions of might
 D - a potion of lignification {unknown}


   Skills:
 + Level 5.2 Fighting
 + Level 7.3 Maces & Flails
 + Level 6.1 Armour
 + Level 1.3 Stealth
 + Level 5.0 Shields


You had 7 spell levels left.
You didn't know any spells.
Your spell library contained the following spells:

 Spells                   Type           Power      Damage    Failure   Level
 Necrotise                Necr           0%         1d4       80%         1
 Shock                    Conj/Air       0%         1d3       80%         1
 Summon Small Mammal      Summ           0%         N/A       80%         1
 Poisonous Vapours        Pois/Air       0%         N/A       91%         2
 Call Canine Familiar     Summ           0%         N/A       99%         3
 Ignite Poison            Fire/Tmut/Pois 0%         N/A       99%         3
 Kindle Blastsparks       Fire/Tloc/Air  0%         2d10      99%         3
 Mephitic Cloud           Conj/Pois/Air  0%         N/A       99%         3
 Summon Guardian Golem    Hex/Summ       0%         N/A       99%         3
 Swiftness                Air            0%         N/A       99%         3
 Vampiric Draining        Necr           0%         2d6       99%         3
 Airstrike                Air            0%         2d(0-16)  100%        4
 Summon Lightning Spire   Summ/Air       0%         N/A       100%        4
 Agony                    Necr           0%         N/A       100%        5
 Freezing Cloud           Conj/Ice/Air   0%         6-21      100%        5
 Storm Form               Tmut/Air       0%         N/A       100%        7
 Maxwell's Capacitive Co  Air            0%         ∞         100%        8
 Cigotuvi's Dreadful Rot  Necr/Pois/Air  Unusable   N/A       N/A         2

Dungeon Overview and Level Annotations

Branches:
Dungeon (7/15)
 Temple: D:4-7

Altars:
Dithmenos
Elyvilon
Fedhas
Vehumet
Zin

Annotations:
D:6 Pikel


Innate Abilities, Weirdness & Mutations

You are immune to sickness and miasma.
Your stone body is resilient. (AC +5)
You are immune to poison.
You resist negative energy. (rN+)
You are resistant to electric shocks. (rElec)
You are resistant to unholy torment.
You are immune to petrification.


Message History

The centaur kicks you but does no damage.
The centaur barely misses you.
The centaur kicks you but does no damage.
You hit the centaur.
You kill the centaur!
Your Shields skill increases to level 5!
No target in view!
No target in view!
No target in view!
No target in view!
No target in view!
No target in view!
No target in view!
HP restored.
Found a glowing silver altar of Zin.
An ogre comes into view. It is wielding a +0 giant spiked club.
The ogre shouts!
You sock the ogre!
The ogre is moderately wounded.
The ogre hits you with a +0 giant spiked club!!
Ouch! That really hurt!
You are too injured to fight recklessly!
You barely miss the ogre.
The ogre is moderately wounded.
You sock the ogre!
The ogre is heavily wounded.
The ogre barely misses you.
You hit the ogre.
The ogre is severely wounded.
The ogre hits you with a +0 giant spiked club!!
* * * LOW HITPOINT WARNING * * *
You barely miss the ogre.
The ogre is severely wounded.
You block the ogre's attack.
You barely miss the ogre.
The ogre is severely wounded.
You hit the ogre.
The ogre is severely wounded.
The ogre hits you with a +0 giant spiked club!
You die...

##.## #.# ##...##
#####.####
###....)###.........
#...........###.###.
###.....##..# #.....
#....###..# #..#.#
#.#.## #..# #.###.
#.### #..# #..#.#
#@# #..# #.#...
#.O...# #..# #.####
#.._..####.<###.###
#.....#...).......#
#######.............
#..##...###...##
........# #.[.#
#.[###... #...# #.
#... #...#


You could see an ogre.

Vanquished Creatures
  2 water moccasins
  2 sky beasts (D:6)
  A centaur (D:7)
  A kobold brigand (D:6)
  2 necrophages
  A scorpion (D:6)
  2 howler monkeys
  2 jellies
  A hound (D:6)
  An orc priest (D:5)
  3 orc wizards (D:5)
  2 iguanas (D:5)
  8 adders
  A white imp (D:6)
  An ufetubus (D:6)
  3 worms
  A dart slug (D:4)
  18 orcs
  6 ball pythons
  8 endoplasms
  5 giant cockroaches
  9 goblins
  7 hobgoblins
  4 jackals (D:4)
  7 bats
  3 frilled lizards
  20 kobolds
  9 rats
130 creatures vanquished.

Notes
Turn   | Place    | Note
-------+----------+-------------------------------------------
     0 | D:1      | karrick the Gargoyle Fighter began the quest for the Orb.
     0 | D:1      | Reached XP level 1. HP: 14/14 MP: 1/1
   123 | D:1      | Reached XP level 2. HP: 16/19 MP: 2/2
   714 | D:2      | Found a blossoming altar of Fedhas.
   790 | D:2      | Reached XP level 3. HP: 24/24 MP: 3/3
  1263 | D:2      | Reached XP level 4. HP: 29/29 MP: 4/4
  1881 | D:3      | Reached skill level 3 in Maces & Flails
  2411 | D:3      | Reached XP level 5. HP: 33/33 MP: 5/5
  2753 | D:4      | Found a shadowy altar of Dithmenos.
  3263 | D:4      | Reached skill level 4 in Maces & Flails
  3528 | D:5      | Entered Level 5 of the Dungeon
  3543 | D:5      | Reached XP level 6. HP: 38/38 MP: 6/6
  3585 | D:5      | Noticed a water moccasin
  3605 | D:4      | Killed a water moccasin
  3606 | D:4      | Reached skill level 5 in Maces & Flails
  3871 | D:5      | Reached XP level 7. HP: 33/44 MP: 7/7
  3948 | D:5      | Found a radiant altar of Vehumet.
  4043 | D:5      | Reached skill level 5 in Armour
  5127 | D:6      | Found a white marble altar of Elyvilon.
  5219 | D:6      | Noticed Pikel
  5345 | D:6      | Reached skill level 1 in Stealth
  5436 | D:6      | Reached skill level 6 in Maces & Flails
  5538 | D:6      | Reached skill level 5 in Fighting
  5538 | D:6      | Reached XP level 8. HP: 49/49 MP: 8/8
  6024 | D:6      | Reached skill level 7 in Maces & Flails
  6154 | D:7      | Reached skill level 5 in Shields
  6160 | D:7      | Found a glowing silver altar of Zin.
  6167 | D:7      | HP: 1/49 [ogre/+0 giant spiked club (19)]
  6170 | D:7      | Demolished by an ogre

Illustrated notes

Levels and vault maps discovered:
D:1:      reono_arrival_mine, layout_basic, minmay_misc_feat_tower,
          solitary_fountain
D:2:      kennysheep_six_static_rooms, layout_basic, basic_altar,
          serial_co_window_serial, co_window_paths_b, co_window_paths_a,
          co_window_paths_a, co_window_corner_a, co_window_paths_b,
          co_window_corner_b, co_window_broadway_b, co_window_unsneaky_path_e,
          co_window_2corner, co_window_paths_c, co_window_unsneaky_path_e,
          glass_columns_a, glass_columns_a
D:3:      layout_loops_ring
D:4:      layout_loops_corners, nicolae_dithmenos_the_darkroom
D:5:      layout_layer_cave, vehumet_altar_wand_db
D:6:      layout_basic, elyvilon_altar_1, uniq_pikel
D:7:      layout_loops_ring, mainiacjoe_overflow_alcove_2,
          mainiacjoe_overflow_boulevard, mainiacjoe_overflow_alcove_4,
          minmay_temple_entry_statues_fountains, serial_shops, kennysheep_mini,
          bh_walls_and_bars, uniq_duvessa

Skill      XL: |  1  2  3  4  5  6  7  8 |
---------------+-------------------------+-----
Fighting       | 4 5 |  5.2
Armour         | 4 5 6 |  6.1
Maces & Flails | 3 4 5 6 7 |  7.3
Shields        | 4 5 |  5.0
Stealth        | 1 |  1.3

Action                   |  1- 3 |  4- 6 |  7- 9 || total
-------------------------+-------+-------+-------++-------
Melee: Flail             |   116 |   248 |   201 ||   565
  Use: Potion            |       |       |     1 ||     1
Armor: Scale mail        |    72 |   147 |   128 ||   347
Dodge: Dodged            |    50 |    97 |    72 ||   219
Block: Buckler           |    29 |    57 |    33 ||   119

Table legend: (Time is in decaauts)
 A = Elapsed time spent in this place.
 B = Non-inter-level travel time spent in this place.
 C = Inter-level travel time spent in this place.
 D = Time resting spent in this place.
 E = Time spent auto-exploring this place.
 F = Levels seen in this place.
 G = Mean time per level.
                   A        B        C        D        E       F      G
               +--------+--------+--------+--------+--------+-----+--------+
         Total |   6287 |   5958 |    329 |     89 |   4690 |   7 |  898.1 |
       Dungeon |   6287 |   5958 |    329 |     89 |   4690 |   7 |  898.1 |
               +--------+--------+--------+--------+--------+-----+--------+

Top non-repeatable levels by time:
     D:5: 1442 daAuts
     D:2: 1116 daAuts
     D:4: 1071 daAuts
     D:6: 1000 daAuts
     D:3: 888 daAuts
     D:1: 709 daAuts
     D:7: 58 daAuts
